 Dungeon Crawl Stone Soup version 0.21.1-1-g345015f (webtiles) character file.

23 Lecool the Charmwright (level 2, -10/26 HPs)
             Began as a Gnoll Skald on June 16, 2018.
             Engulfed by a cloud of flame (11 damage)
             ... on level 1 of the Dungeon on June 17, 2018.
             The game lasted 00:11:31 (514 turns).

Lecool the Charmwright (Gnoll Skald)                 Turns: 514, Time: 00:11:37

Health: -10/26     AC:  3    Str: 13    XL:     2   Next: 95%
Magic:  7/7        EV: 14    Int: 15    God:
Gold:   69         SH:  0    Dex: 14    Spells: 9/10 levels left

rFire    . . .     SeeInvis .   g - +0 short sword
rCold    . . .     Gourm    .   (no shield)
rNeg     . . .     Faith    .   b - +0 leather armour
rPois    .         Spirit   .   (no helmet)
rElec    .         Reflect  .   (no cloak)
rCorr    .         Harm     .   (no gloves)
MR       .....                  (no boots)
Stlth    +.........             (no amulet)
HPRegen  0.08/turn              (no ring)
MPRegen  0.10/turn              (no ring)

@: no status effects
A: distributed training, fangs 1, strong nose
a: no special abilities


You were on level 1 of the Dungeon.
You were not hungry.

You visited 1 branch of the dungeon, and saw 1 of its levels.

You collected 69 gold pieces.

Inventory:

Hand Weapons
 a - a +0 short sword
 f - a +0 club
 g - a +0 short sword (weapon)
 l - a +0 hand axe
Missiles
 h - 2 stones (quivered)
 m - 17 poisoned needles
 o - 13 arrows
Armour
 b - a +0 leather armour (worn)
 k - a +0 robe
 n - a +0 ring mail
Jewellery
 e - a +3 ring of strength {unknown}
Scrolls
 i - a scroll of identify {unknown}
Potions
 j - a potion of flight {unknown}
Books
 c - a book of Battle

   Spells                             Type                      Level
   a - Infusion                       Charms                       1
   b - Shroud of Golubria             Charms/Translocation         2
   c - Song of Slaying                Charms                       2
   d - Spectral Weapon                Hexes/Charms                 3
   e - Regeneration                   Charms/Necromancy            3
Comestibles
 d - a ration


   Skills:
 + Level 4.5 Fighting
 + Level 4.5 Short Blades
 + Level 0.5 Long Blades
 + Level 0.5 Axes
 + Level 0.5 Maces & Flails
 + Level 0.5 Polearms
 + Level 0.5 Staves
 + Level 0.5 Slings
 + Level 0.5 Bows
 + Level 0.5 Crossbows
 + Level 0.5 Throwing
 + Level 2.5 Armour
 + Level 4.5 Dodging
 + Level 0.5 Stealth
 + Level 0.5 Shields
 + Level 0.5 Unarmed Combat
 + Level 4.9 Spellcasting
 + Level 0.4 Conjurations
 + Level 0.4 Hexes
 + Level 5.4 Charms
 + Level 0.4 Summonings
 + Level 0.4 Necromancy
 + Level 0.4 Translocations
 + Level 0.4 Transmutations
 + Level 0.4 Fire Magic
 + Level 0.4 Ice Magic
 + Level 0.4 Air Magic
 + Level 0.4 Earth Magic
 + Level 0.4 Poison Magic
 + Level 0.7 Invocations
 + Level 0.5 Evocations


You had 9 spell levels left.
You knew the following spells:

 Your Spells              Type           Power        Failure   Level  Hunger
a - Infusion              Chrm           ###.         2%          1    None


Dungeon Overview and Level Annotations

Branches:
Dungeon (1/15)

Altars:


Innate Abilities, Weirdness & Mutations

Your experience applies equally to all skills.
You have very sharp teeth.
Your uncanny sense of smell can sniff out nearby items.


Message History

n - a ring mail You hit the frilled lizard.
The frilled lizard is heavily wounded.
The frilled lizard bites you but does no damage.
You barely miss the frilled lizard.
The frilled lizard is heavily wounded.
The frilled lizard closely misses you.
You barely miss the frilled lizard. Your bite misses the frilled lizard.
The frilled lizard is heavily wounded.
The frilled lizard completely misses you.
You hit the frilled lizard but do no damage.
Your bite misses the frilled lizard.
The frilled lizard is heavily wounded.
You hit the frilled lizard.
The frilled lizard explodes!
The fiery explosion engulfs you!
Ouch! That really hurt!
* * * LOW HITPOINT WARNING * * *
You are engulfed in blazing flames.
You die...

#.####### #.# #.#
........# ..# #.#
.######.# ### #.# .#
######.# #### .#
......# ##... .# ..#
#.########.... .# #.#
#...........## .# #.#
#.########.## .# . #@#
#.########.#
....###§###..........#
#.....§.§...##########
........#####
#########


There were no monsters in sight!

Vanquished Creatures
  2 dart slugs (D:1)
  3 bats (D:1)
  2 goblins (D:1)
  3 hobgoblins (D:1)
  3 jackals (D:1)
  A kobold (D:1)
  2 frilled lizards (D:1)
  A rat (D:1)
17 creatures vanquished.

Notes
Turn   | Place    | Note
-------+----------+-------------------------------------------
     0 | D:1      | Lecool the Gnoll Skald began the quest for the Orb.
     0 | D:1      | Reached XP level 1. HP: 20/20 MP: 6/6
    69 | D:1      | Reached XP level 2. HP: 10/26 MP: 0/7
   514 | D:1      | HP: 1/26 [frilled lizard/exploding inner flame[the player character] (25)]
   514 | D:1      | Engulfed by a cloud of flame

Action                   || total
-------------------------++-------
Melee: Short sword       ||    52
       Bite              ||     6
Throw: Stone             ||     8
 Cast: Infusion          ||     1
  Use: Scroll            ||     1
Armor: Leather armour    ||    11
Dodge: Dodged            ||    48
